 Dungeon Crawl Stone Soup version 0.28.0-45-g0d030f2227 (webtiles) character file.

Game seed: 4887545071614783646

109 seaoflcl the Covered (level 5, 0/41 HPs)
             Began as a Human Fighter on Apr 10, 2022.
             Succumbed to a scorpion's poison
             ... on level 3 of the Dungeon.
             The game lasted 00:02:44 (2968 turns).

seaoflcl the Covered (Human Fighter)                Turns: 2968, Time: 00:02:44

Health: 0/41       AC:  7    Str: 19    XL:     5   Next: 13%
Magic:  5/5        EV:  9    Int:  8    God:
Gold:   78         SH:  4    Dex: 12    Spells: 4/4 levels left

rFire   . . .      SeeInvis .   h - +0 dagger (vamp)
rCold   . . .      Faith    .   c - +0 buckler
rNeg    . . .      Spirit   .   b - +0 scale mail
rPois   .          Reflect  .   (no helmet)
rElec   .          Harm     .   (no cloak)
rCorr   .          Rampage  .   (no gloves)
Will    .....                   (no boots)
Stlth   ..........              (no amulet)
HPRegen 0.13/turn               (no ring)
MPRegen 0.09/turn               (no ring)

@: lethally poisoned (0 -> -6)
A: no striking features
a: no special abilities


You were on level 3 of the Dungeon.
You visited 1 branch of the dungeon, and saw 3 of its levels.

You collected 78 gold pieces.

Inventory:

Hand Weapons
 a - a +0 long sword
 e - a +0 hunting sling
 h - a +0 vampiric dagger (weapon)
Armour
 b - a +0 scale mail (worn)
 c - a +0 buckler (worn)
 l - a +0 chain mail
Jewellery
 i - a ring of see invisible
Scrolls
 f - a scroll of identify {unknown}
 j - a scroll of fog {unknown}
Potions
 d - 2 potions of might
 g - a potion of heal wounds {unknown}
 k - a potion of cancellation {unknown}


   Skills:
 + Level 3.5 Fighting
 + Level 1.8(2.4) Short Blades
 + Level 2.3(2.6) Long Blades
 + Level 3.7 Armour
 + Level 0.6 Dodging
 + Level 0.2 Stealth
 + Level 3.5 Shields


You had 4 spell levels left.
You didn't know any spells.
Your spell library was empty.

Dungeon Overview and Level Annotations

Branches:
Dungeon (3/15)

Altars:
Wu Jian


Message History

The scorpion closely misses you.
The scorpion stings you but does no damage.
You barely miss the scorpion.
The scorpion is heavily wounded.
The scorpion barely misses you.
You closely miss the scorpion.
The scorpion is heavily wounded.
The scorpion stings you.
You are poisoned.
The scorpion poisons you!
You hit the scorpion but do no damage.
The scorpion is heavily wounded.
You feel very sick.
The scorpion stings you but does no damage.
You hit the scorpion but do no damage.
The scorpion is moderately wounded.
You feel sick.
The scorpion stings you but does no damage.
You hit the scorpion.
The scorpion is heavily wounded.
You feel sick. You block the scorpion's attack.
You hit the scorpion.
You feel better.
The scorpion is severely wounded.
You feel sick. The scorpion barely misses you. The scorpion stings you.
* * * LOW HITPOINT WARNING * * *
You are lethally poisoned!
The scorpion poisons you!
You hit the scorpion but do no damage.
The scorpion is severely wounded.
* * * LOW HITPOINT WARNING * * *
You feel sick.
The scorpion stings you but does no damage.
* * * LOW HITPOINT WARNING * * *
You feel sick.
A ball python comes into view.
* * * LOW HITPOINT WARNING * * *
You feel sick.
You barely miss the scorpion.
The scorpion is severely wounded.
You die...

...> .# #S..# .####
.... .... ...#..# #
#.#... .# # #.#.#
##.### #.###...# ......
#.....#s###......
##....#.@........
#..#.###........ ....
#..#............ ......
##.###.#........ ......
#.....#........
......#####+.##........
......#................
.....#........########
#..........#


You could see a scorpion and a ball python (wandering).

Vanquished Creatures
  Robin (D:2)
  5 adders
  A worm (D:2)
  A dart slug (D:1)
  6 ball pythons
  3 endoplasms
  2 giant cockroaches (D:1)
  10 goblins
  7 hobgoblins
  4 kobolds
  3 quokkas
  5 rats
48 creatures vanquished.

Notes
Turn   | Place    | Note
-------+----------+-------------------------------------------
     0 | D:1      | seaoflcl the Human Fighter began the quest for the Orb.
     0 | D:1      | Reached XP level 1. HP: 18/18 MP: 1/1
    69 | D:1      | Reached XP level 2. HP: 7/24 MP: 2/2
   772 | D:1      | Reached XP level 3. HP: 24/29 MP: 3/3
  1385 | D:2      | Found an ornate altar of the Wu Jian Council.
  1423 | D:2      | Reached skill level 1 in Short Blades
  1879 | D:2      | Reached XP level 4. HP: 18/35 MP: 4/4
  2514 | D:2      | Noticed Robin
  2535 | D:2      | Killed Robin
  2536 | D:2      | Reached XP level 5. HP: 35/41 MP: 5/5
  2884 | D:3      | Found a faded altar of an unknown god.
  2967 | D:3      | HP: 1/41 [poisoned by a scorpion]
  2968 | D:3      | Succumbed to a scorpion's poison

Illustrated notes

Levels and vault maps discovered:
D:1:      wander_arrival_chamber, layout_rooms, feat_on_display
D:2:      layout_basic, basic_altar, uniq_robin
D:3:      layout_basic, dreamdust_ecumenical_altar_statues,
          minmay_misc_feat_doors, kennysheep_donut,
          hangedman_abyss_or_decor_stabs, uniq_terence, uniq_crazy_yiuf_cottage,
          uniq_ijyb

Skill      XL: |  1  2  3 |
---------------+----------+-----
Short Blades   | 1 |  1.8
Fighting       | |  3.5
Long Blades    | |  2.3
Armour         | |  3.7
Dodging        | |  0.6
Stealth        | |  0.2
Shields        | |  3.5

Action                   |  1- 3 |  4- 6 || total
-------------------------+-------+-------++-------
Melee: Long sword        |    39 |       ||    39
       Dagger            |   126 |   120 ||   246
Armor: Scale mail        |    69 |    33 ||   102
Dodge: Dodged            |    73 |    43 ||   116
Block: Buckler           |    29 |    23 ||    52
